 Dungeon Crawl Stone Soup version 0.30-a0-465-g8901f6c8b5 (webtiles) character file.

Game seed: 9848215803544487348

12434 greasedhog the Thaumaturge (level 11, -2/69 HPs)
             Began as a Gargoyle Fire Elementalist on Dec 12, 2022.
             Was an Elder of Vehumet.
             Slain by an orc warlord
             ... wielding a +3 war axe of electrocution
              (15 damage)
             ... on level 2 of the Orcish Mines on Dec 19, 2022.
             The game lasted 00:23:07 (11983 turns).

greasedhog the Thaumaturge (GrFE)                  Turns: 11983, Time: 00:23:07

Health: -2/69      AC: 17    Str: 11    XL:     11   Next: 93%
Magic:  30/34      EV: 13    Int: 21    God:    Vehumet [****..]
Gold:   651        SH:  0    Dex: 12    Spells: 13/30 levels left

rFire   . . .      SeeInvis .    t - +9 hammer of the Lumpy Spines {vorpal, rElec Dex+2}
rCold   . . .      Faith    .    (no shield)
rNeg    + . .      Spirit   .    q - +0 leather armour "Bungo" {Will+}
rPois   ∞          Reflect  .    J - +1 helmet of the Good {Will+}
rElec   +          Harm     .    G - +2 cloak {rCorr}
rCorr   +          Rampage  .    (no gloves)
Will    ++...                    (no boots)
Stlth   ++........               m - amulet of regeneration
HPRegen 1.11/turn                h - ring of resist corrosion
MPRegen 0.24/turn                B - ring of magical power

@: no status effects
A: sickness immunity, AC +8, negative energy resistance 1, electricity
resistance, torment resistance 1, petrification resistance
a: Renounce Religion


You were on level 2 of the Orcish Mines.
You worshipped Vehumet.
Vehumet was greatly pleased with you.
You visited 3 branches of the dungeon, and saw 13 of its levels.
You also visited: Sewer.

You collected 967 gold pieces.
You spent 316 gold pieces at shops.

Inventory:

Hand Weapons
 t - the +9 hammer of the Lumpy Spines (weapon) {vorpal, rElec Dex+2}
   (You found it on level 2 of the Dungeon)

   It inflicts extra damage upon your enemies.
   Dex:       It affects your dexterity (+2).
   rElec:     It insulates you from electricity.
Missiles
 x - 4 throwing nets
Armour
 q - the +0 leather armour "Bungo" (worn) {Will+}
   (You found it on level 2 of the Dungeon)

   Will:      It increases your willpower.
 G - a +2 cloak of preservation (worn)
 J - the +1 helmet of the Good (worn) {Will+}
   (You found it on level 7 of the Dungeon)

   Will:      It increases your willpower.
Jewellery
 h - a ring of resist corrosion (left hand)
 m - an amulet of regeneration (around neck)
 B - a ring of magical power (right hand)
Wands
 o - a wand of polymorph (15)
 y - a wand of roots (16)
 I - a wand of quicksilver (9)
Scrolls
 d - 3 scrolls of magic mapping
 f - 2 scrolls of blinking {unknown}
 g - 4 scrolls of poison
 k - 7 scrolls of teleportation
 n - 5 scrolls of fog
 p - 3 scrolls of torment
 v - a scroll of summoning
 w - 4 scrolls of amnesia
 C - 2 scrolls of enchant weapon
 F - 2 scrolls of immolation {unknown}
Potions
 a - 3 potions of might {unknown}
 b - 3 potions of magic
 c - 6 potions of curing
 e - 4 potions of attraction
 i - a potion of heal wounds {unknown}
 j - a potion of cancellation {unknown}
 l - 2 potions of brilliance {unknown}
 r - 3 potions of degeneration {unknown}
 u - 2 potions of mutation {unknown}
 z - a potion of resistance {unknown}
 A - a potion of invisibility {unknown}
 D - 3 potions of lignification {unknown}
 E - a potion of berserk rage {unknown}


   Skills:
 * Level 8.5 Fighting
 - Level 5.0 Armour
 - Level 5.0 Dodging
 - Level 2.1 Stealth
 * Level 10.2 Spellcasting
 - Level 10.0 Conjurations
 * Level 6.7 Fire Magic


You had 13 spell levels left.
You knew the following spells:

 Your Spells              Type           Power      Damage    Failure   Level
a - Foxfire               Conj/Fire      100%       2x1d9     1%          1
b - Scorch                Fire           78%        2d8       1%          2
c - Inner Flame           Hex/Fire       25%        N/A       1%          3
d - Flame Wave            Conj/Fire      46%        2d12      1%          4
e - Kindle Blastsparks    Fire/Tloc/Air  40%        2d13      2%          3
f - Sticky Flame          Conj/Fire      46%        2d6       1%          4

Your spell library contained the following spells:

 Spells                   Type           Power      Damage    Failure   Level
 Ignite Poison            Fire/Tmut/Pois 20%        N/A       2%          3
 Shock                    Conj/Air       100%       1d9       1%          1
 Dazzling Flash           Conj/Hex       62%        N/A       1%          3
 Hailstorm                Conj/Ice       31%        3d8       1%          3
 Freeze                   Ice            40%        1d6       2%          1
 Frozen Ramparts          Ice            20%        1d4       7%          3
 Airstrike                Air            5%         2d(1-17)  21%         4
 Ozocubu's Armour         Ice            10%        N/A       24%         3
 Portal Projectile        Hex/Tloc       20%        N/A       24%         3
 Summon Guardian Golem    Hex/Summ       10%        N/A       24%         3
 Swiftness                Air            10%        N/A       24%         3
 Tukima's Dance           Hex            10%        N/A       24%         3
 Orb of Destruction       Conj           26%        9d9       28%         7
 Passage of Golubria      Tloc           10%        N/A       63%         4
 Spellforged Servitor     Conj/Summ      15%        N/A       88%         7
 Agony                    Necr           10%        N/A       92%         5
 Alistair's Intoxication  Tmut/Pois      6%         N/A       92%         5
 Blade Hands              Tmut           5%         N/A       92%         5
 Borgnjor's Vile Clutch   Necr/Erth      5%         N/A       92%         5
 Silence                  Hex/Air        5%         N/A       92%         5
 Eringya's Noxious Bog    Tmut/Pois      5%         N/A       95%         6
 Ozocubu's Refrigeration  Ice            5%         4d8       100%        7
 Lehudib's Crystal Spear  Conj/Erth      15%        10d5      100%        8


Dungeon Overview and Level Annotations

Branches:
Dungeon (10/15)            Temple (1/1) D:4             Orc (2/2) D:10
    Elf (0/3) Orc:2         Sewer (visited)
   Lair: D:8-11

Altars:
Ashenzari
Cheibriados
Dithmenos
Elyvilon
Fedhas
Gozag
Hepliaklqana
Kikubaaqudgha
Makhleb
Nemelex Xobeh
Okawaru
Qazlal
Ru
Sif Muna
Trog
Uskayaw
Vehumet
Wu Jian
Xom
Yredelemnul
Zin
The Shining One

Shops:
D:10 **   Orc:2 [

Annotations:
D:3 2 transporters
D:5 1 runed translucent door
Orc:2 1 runed translucent door, Zonian's ghost, adept DjIE


Innate Abilities, Weirdness & Mutations

You are immune to sickness and miasma.
Your stone body is resilient. (AC +8)
You are immune to poison.
You resist negative energy. (rN+)
You are resistant to electric shocks. (rElec)
You are resistant to unholy torment.
You are immune to petrification.


Message History

The orc warlord is moderately wounded.
The orc warlord hits you with a +3 war axe of electrocution!!
The air fills with toxic fumes!
As you read the scroll of poison, it crumbles to dust.
The orc warlord is no longer more vulnerable to fire.
The orc warlord barely misses you.
The orc warlord attacks as you move away!
The orc warlord hits you with a +3 war axe of electrocution.
The orc warlord attacks as you move away!
The orc warlord barely misses you.
The orc warlord is engulfed in poison gas.
The orc warlord is poisoned.
The orc warlord looks even sicker.
The orc warlord attacks as you move away!
The orc warlord hits you with a +3 war axe of electrocution.
The orc warlord is engulfed in poison gas.
The orc warlord looks even sicker.
The orc warlord is engulfed in poison gas.
The orc warlord looks as sick as possible!
The orc warlord is engulfed in poison gas.
The orc warlord looks as sick as possible!
Casting: Scorch (safe; 1% risk of failure)
Confirm with . or Enter, or press ? or * to list all spells.
Flames lash the orc warlord.
The orc warlord resists.
The orc warlord is heavily wounded.
The orc warlord's fire resistance burns away.
The orc warlord is engulfed in poison gas.
The orc warlord looks as sick as possible!
The orc warlord hits you but does no damage.
Casting: Scorch (safe; 1% risk of failure)
Confirm with . or Enter, or press ? or * to list all spells.
Flames lash the orc warlord.
The orc warlord is severely wounded.
The orc warlord is engulfed in poison gas.
The orc warlord looks as sick as possible!
The orc warlord hits you with a +3 war axe of electrocution!!
* * * LOW HITPOINT WARNING * * *
The orc warlord attacks as you move away!
The orc warlord hits you with a +3 war axe of electrocution!
You die...

..........#.###..................
.##........##.....)..............
#####.............)...8.8.)......
.##.#...........)))).....))......
.#......######....).##'))##).....
.#......#_.))'))..###...).###....
........#...v#)..## #8..o8# ##)#.
......#.######...# ##...## #...
......#........§@# #.o.# #.#.
......##########o# .'...' #...
.......# #§# ..#...# #.#.
.......# #§#####.8.# #)#.
.......# #§# #...# #.#. .......#
#○# '...' #.#. #.... #§# #.#.
#.## ##.## #..# #..#


You could see an orc warlord (extremely poisoned, combustible).

Vanquished Creatures
  A two-headed ogre (Orc:2)
  An orc high priest (Orc:2)
  An orc knight (Orc:2)
  2 orc sorcerers (Orc:2)
  An ugly thing (D:7)
  A komodo dragon (D:9)
  Grinder (D:3)
  The ghost of Dordric the Shooter, an amateur FoHu of Cheibriados (D:5)
  A shadow (D:9)
  A vampire (D:10)
  19 yaks
  2 wargs (Orc:2)
  Edmund (D:4)
  2 water moccasins
  18 orc warriors
  A black bear (D:5)
  Pargi (Sewer)
  8 ogres
  A sky beast (D:7)
  4 centaurs
  3 kobold brigands
  2 bullfrogs
  A gnoll sergeant (D:10)
  A necrophage (D:6)
  4 scorpions
  5 killer bees (D:8)
  4 howler monkeys
  2 hounds
  14 orc priests
  Crazy Yiuf (D:2)
  A gnoll bouda (D:5)
  Terence (D:2)
  21 orc wizards
  8 gnolls
  7 adders
  A river rat (D:5)
  2 shadow imps
  2 white imps
  6 worms
  4 dart slugs
  79 orcs
  3 bats (D:1)
  3 endoplasms
  2 giant cockroaches
  8 goblins
  3 hobgoblins (D:1)
  6 jackals
  16 kobolds
  2 quokkas
  4 ball pythons
  2 frilled lizards
  5 rats
291 creatures vanquished.

Vanquished Creatures (collateral kills)
  An orc (Orc:2)
1 creature vanquished.

Vanquished Creatures (others)
  568 foxfires
  6 plants (D:3)
574 creatures vanquished.

Grand Total: 866 creatures vanquished

Notes
Turn   | Place    | Note
-------+----------+-------------------------------------------
     0 | D:1      | greasedhog the Gargoyle Fire Elementalist began the quest
                  | for the Orb.
     0 | D:1      | Reached XP level 1. HP: 10/10 MP: 3/3
   257 | D:1      | Reached XP level 2. HP: 15/16 MP: 1/5
   387 | D:1      | Reached skill level 1 in Fighting
   881 | D:1      | Reached XP level 3. HP: 20/20 MP: 3/6
   894 | D:1      | Learned a level 2 spell: Scorch
   898 | D:1      | Learned a level 3 spell: Inner Flame
  1433 | D:2      | Identified the +0 leather armour "Bungo" {Will+}
  1600 | D:2      | Reached XP level 4. HP: 26/26 MP: 6/8
  1639 | D:2      | Found a runed translucent door.
  1640 | D:2      | Noticed Crazy Yiuf
  1646 | D:2      | Killed Crazy Yiuf
  1650 | D:2      | Identified the +9 hammer of the Lumpy Spines {vorpal, rElec
                  | Dex+2}
  1755 | D:2      | Found a faded altar of an unknown god.
  1974 | D:2      | Found a blossoming altar of Fedhas.
  2003 | D:2      | Reached XP level 5. HP: 22/31 MP: 9/9
  2055 | D:2      | Noticed Terence
  2061 | D:2      | Killed Terence
  2326 | D:3      | Found a hazy altar of Hepliaklqana.
  2377 | D:3      | Found a transporter.
  2418 | D:3      | Found a transporter.
  2576 | D:3      | Noticed a kobold brigand
  2590 | D:3      | Killed a kobold brigand
  2591 | D:3      | Reached XP level 6. HP: 37/37 MP: 0/11
  2774 | D:3      | Found a glowing drain.
  2795 | Sewer    | Entered a sewer
  2869 | Sewer    | Noticed Pargi
  2877 | Sewer    | Killed Pargi
  3009 | D:3      | Noticed Grinder
  3020 | D:3      | Killed Grinder
  3021 | D:3      | Reached skill level 5 in Fire Magic
  3021 | D:3      | Reached XP level 7. HP: 26/44 MP: 3/13
  3170 | D:3      | Found a sacrificial altar of Ru.
  3577 | D:4      | Found a staircase to the Ecumenical Temple.
  3591 | D:4      | Reached skill level 5 in Fighting
  3598 | Temple   | Entered the Ecumenical Temple
  3894 | Temple   | Became a worshipper of Vehumet
  3996 | D:4      | Found a hide-covered altar of Uskayaw.
  4272 | D:5      | Entered Level 5 of the Dungeon
  4312 | D:5      | Noticed Edmund
  4357 | D:4      | Killed Edmund
  4358 | D:4      | Reached XP level 8. HP: 19/49 MP: 6/15
  4393 | D:5      | Reached skill level 5 in Spellcasting
  4657 | D:5      | Learned a level 4 spell: Flame Wave
  4661 | D:5      | Learned a level 3 spell: Kindle Blastsparks
  4750 | D:5      | Found a runed translucent door.
  4757 | D:5      | Noticed Dordric's ghost (amateur FoHu)
  4790 | D:5      | Found a runed translucent door.
  4889 | D:5      | Found a blossoming altar of Fedhas.
  5003 | D:5      | Reached skill level 1 in Armour
  5232 | D:5      | Identified the +1 leather armour of Bitterness {Rampage
                  | rElec}
  5413 | D:5      | Killed Dordric's ghost
  5794 | D:6      | Reached XP level 9. HP: 49/54 MP: 18/18
  5833 | D:6      | Upgraded the game from 0.30-a0-451-ge042605de7 to
                  | 0.30-a0-465-g8901f6c8b5
  6051 | D:6      | Found a bloodstained altar of Trog.
  6540 | D:7      | Noticed a purple ugly thing
  6550 | D:7      | Killed a brown ugly thing
  6551 | D:7      | Reached skill level 5 in Conjurations
  6730 | D:7      | Found a glowing silver altar of Zin.
  6730 | D:7      | Found a stormy altar of Qazlal.
  6736 | D:7      | Found an iron altar of Okawaru.
  6795 | D:7      | Reached skill level 5 in Armour
  7000 | D:7      | Identified the +1 helmet of the Good {Will+}
  7440 | D:8      | Reached * piety under Vehumet
  7440 | D:8      | Offered knowledge of Kiss of Death by Vehumet.
  7692 | D:8      | Reached XP level 10. HP: 39/59 MP: 11/21
  8153 | D:8      | Offered knowledge of Sandblast by Vehumet.
  8557 | D:9      | Reached ** piety under Vehumet
  9294 | D:9      | Reached skill level 5 in Dodging
  9510 | D:10     | Entered Level 10 of the Dungeon
  9517 | D:10     | Reached XP level 11. HP: 27/64 MP: 23/23
  9655 | D:10     | Found Gujeupas's General Store.
  9658 | D:10     | Bought a scroll of identify for 24 gold pieces
  9964 | D:10     | Found a shimmering altar of Xom.
 10024 | D:10     | Offered knowledge of Momentum Strike by Vehumet.
 10141 | D:10     | Found Henaufon's General Store.
 10149 | D:10     | Bought a scroll of identify for 28 gold pieces
 10364 | D:10     | Found a staircase to the Orcish Mines.
 10489 | Orc:1    | Entered Level 1 of the Orcish Mines
 10557 | Orc:2    | Entered Level 2 of the Orcish Mines
 10563 | Orc:2    | Noticed an orc sorcerer
 10574 | Orc:2    | Killed an orc sorcerer
 10765 | Orc:2    | Found a staircase to the Elven Halls.
 10805 | Orc:2    | Found a runed translucent door.
 10805 | Orc:2    | Found a shimmering altar of Xom.
 10805 | Orc:2    | Noticed Zonian's ghost (adept DjIE)
 10805 | Orc:2    | Noticed a +4 broad axe of chaos
 10807 | Orc:2    | Noticed a two-headed ogre
 10816 | Orc:2    | Killed a two-headed ogre
 10817 | Orc:2    | Reached *** piety under Vehumet
 11044 | Orc:2    | Noticed an orc sorcerer
 11048 | Orc:2    | Noticed a sun demon
 11051 | Orc:2    | Offered knowledge of Sticky Flame by Vehumet.
 11057 | Orc:2    | Killed an orc sorcerer
 11407 | Orc:2    | Reached skill level 10 in Conjurations
 11437 | Orc:2    | Learned a level 4 spell: Sticky Flame
 11475 | Orc:2    | Reached **** piety under Vehumet
 11515 | Orc:2    | Offered knowledge of Ignite Poison by Vehumet.
 11602 | Orc:2    | Noticed an orc knight
 11615 | Orc:2    | Noticed an orc high priest
 11623 | Orc:2    | Reached skill level 10 in Spellcasting
 11623 | Orc:2    | Killed an orc knight
 11629 | Orc:2    | Killed an orc high priest
 11769 | Orc:2    | Found Pausch's Armour Boutique.
 11774 | Orc:2    | Bought a +1 cloak of preservation for 264 gold pieces
 11928 | Orc:2    | Noticed an orc warlord
 11983 | Orc:2    | Slain by an orc warlord

Illustrated notes

Levels and vault maps discovered:
D:1:      heliophobic_arrival_glass_houses, layout_basic
D:2:      layout_basic, basic_altar, dreamdust_ecumenical_altar_grove,
          minmay_tetromino_t4, uniq_terence, uniq_crazy_yiuf_cottage
D:3:      cheibrodos_thug_alley, layout_basic, nicolae_ru_awakened_eye,
          mainiacjoe_overflow_concentric_impassable,
          gammafunk_ghost_gnarly_gnolls, cheibrodos_sewer_entry_bend,
          uniq_grinder
D:4:      layout_cave_pools, nicolae_uskayaw_suspiria,
          minmay_temple_entry_large_hall
D:5:      layout_basic, mainiacjoe_overflow_alcove_4, ebering_ghost_sewer_f,
          uniq_edmund
D:6:      layout_loops_corners, nicolae_overflow_hidden_temple, enter_ossuary_1
D:7:      layout_gridville, gammafunk_temple_overflow_forgotten
D:8:      layout_gridville
D:9:      layout_irregular_city
D:10:     layout_irregular_city, mainiacjoe_overflow_alcove_1, orc_0_dummy,
          serial_shops, shop, nicolae_shop_behind_doors
Temple:   oiseaux_autumnal_temple
Orc:1:    layout_diamond_mine, mines2_david
Orc:2:    grunt_orc_community_town_hall, layout_diamond_mine,
          grunt_orc_community_big_house_2, grunt_orc_community_big_house_2,
          grunt_orc_community_house_2, grunt_orc_community_house_2,
          grunt_orc_community_house_1, grunt_orc_community_house_3,
          grunt_orc_community_house_3, grunt_orc_community_house_1,
          ebering_ghost_xom

Skill      XL: |  1  2  3  4  5  6  7  8  9 10 11 |
---------------+----------------------------------+-----
Fighting       | 1 2 3 4 5 6 8 |  8.5
Spellcasting   | 3 4 6 7 8 10 | 10.2
Fire Magic     | 4 5 6 |  6.7
Armour         | 3 5 |  5.0
Conjurations   | 4 6 8 10 | 10.0
Dodging        | 3 5 |  5.0
Stealth        | |  2.1

Action                   |  1- 3 |  4- 6 |  7- 9 | 10-12 || total
-------------------------+-------+-------+-------+-------++-------
Melee: Club              |    33 |       |       |       ||    33
       Dagger            |    22 |       |       |       ||    22
       Mace              |       |    49 |   108 |    68 ||   225
       Punch             |       |     1 |     1 |     2 ||     4
 Cast: Foxfire           |    35 |    17 |    54 |   236 ||   342
       Scorch            |     1 |    15 |    22 |    48 ||    86
       Flame Wave        |       |       |     9 |    27 ||    36
       Kindle Blastspark |       |       |     5 |     5 ||    10
Evoke: Wand              |       |       |       |     5 ||     5
  Use: Scroll            |     3 |       |     3 |     8 ||    14
 Stab: Sleeping          |       |     1 |       |       ||     1
Armor: Robe              |    22 |       |       |       ||    22
       Leather armour    |     1 |    17 |    90 |    71 ||   179
Dodge: Dodged            |    53 |    33 |   104 |   124 ||   314

Table legend: (Time is in decaauts)
 A = Elapsed time spent in this place.
 B = Non-inter-level travel time spent in this place.
 C = Inter-level travel time spent in this place.
 D = Time resting spent in this place.
 E = Time spent auto-exploring this place.
 F = Levels seen in this place.
 G = Mean time per level.
                   A        B        C        D        E       F      G
               +--------+--------+--------+--------+--------+-----+--------+
         Total |  12110 |  11708 |    402 |    971 |   8760 |  14 |  865.0 |
       Dungeon |  10111 |   9779 |    332 |    509 |   7820 |  10 | 1011.1 |
        Temple |    334 |    274 |     60 |      0 |    260 |   1 |  334.0 |
  Orcish Mines |   1505 |   1497 |      8 |    462 |    562 |   2 |  752.5 |
         Sewer |    159 |    159 |      0 |      0 |    117 |   1 |  159.0 |
               +--------+--------+--------+--------+--------+-----+--------+

Top non-repeatable levels by time:
   Orc:2: 1437 daAuts
     D:1: 1275 daAuts
     D:5: 1203 daAuts
     D:9: 1192 daAuts
     D:6: 1047 daAuts
     D:2: 1036 daAuts
     D:3: 965 daAuts
     D:8: 957 daAuts
    D:10: 946 daAuts
     D:7: 889 daAuts
     D:4: 597 daAuts
  Temple: 334 daAuts
   Sewer: 159 daAuts
   Orc:1: 67 daAuts
